AoeStats
← INK | Luma

Arabia

506275070Analyzed
1v1 RM · 19d ago on Sep 13, 2026· 46m 8s· 2 players
Game mode
Random Map
Map size
Tiny (2 player)
Population
200
Speed
Normal
Resources
Standard
Victory
Conquest
Starting age
Dark Age
Ending age
Imperial Age
RankedLock teamsTeams togetherTeam positionsShared explorationLock speedFull tech treeHidden civsTurbo modeCheats
Victory
Defeat
🇨🇱 Vietnamese · Chile
1259
+30
🇳🇿 Persians · New Zealand
1239
-15
brocky_42
6:13 Loom
6:48 Loom
9:40 Feudal Age
11:16 Double-Bit Axe
11:46 Horse Collar
17:55 Wheelbarrow
22:00 Castle Age
20:41 Bloodlines
20:30 Gold Mining
21:18 Scale Barding Armor
21:23 Forging
22:59 Chain Barding Armor
23:13 Husbandry
24:11 Hand Cart
24:17 Fletching
25:59 Bodkin Arrow
29:04 Elite Skirmisher
30:34 Padded Archer Armor
32:22 Thumb Ring
35:18 Imperial Age
34:59 Heavy Plow
35:22 Bow Saw
35:59 Leather Archer Armor
36:48 Ballistics
37:28 Chemistry
40:06 Kamandaran
40:10 Crossbowman
40:43 Cavalier
42:49 Masonry
46:19 Two-Man Saw
INK | Luma
3:10 Loom
9:19 Feudal Age
9:50 Town Watch
10:21 Double-Bit Axe
16:21 Horse Collar
21:45 Castle Age
20:04 Gold Mining
20:28 Fletching
21:25 Bloodlines
22:42 Bodkin Arrow
23:26 Bow Saw
24:05 Padded Archer Armor
28:03 Ballistics
29:37 Wheelbarrow
29:46 Husbandry
31:50 Pikeman
35:02 Squires
35:25 Padded Archer Armor
38:12 Imperial Age
36:48 Scale Mail Armor
36:59 Forging
37:52 Chain Mail Armor
37:53 Leather Archer Armor
40:00 Chemistry
39:01 Bracer
39:08 Elite Fire Lancer
41:19 Leather Archer Armor
41:37 Plate Mail Armor
43:00 Two-Man Saw
43:34 Iron Casting
43:07 Arson
45:12 Hand Cart
44:58 Town Patrol
45:18 Heavy Plow
44:48 Cavalier
46:32 Leather Archer Armor
Connection lost

Rejoining the realm…

Still unreachable

The connection could not be restored.

Session expired

The server has moved on; the page needs a fresh start.